 Dungeon Crawl Stone Soup version 0.29.1-12-g30fa7ad0bf (webtiles) character file.

Game seed: 6682161036473510269

48 DildoBatman the Conjurer (level 4, -9/28 (32) HPs)
             Began as a Formicid Conjurer on Dec 26, 2022.
             Mangled by a wight
             ... wielding a +3 scimitar
              (10 damage)
             ... on level 6 of the Dungeon.
             The game lasted 00:02:56 (1543 turns).

DildoBatman the Conjurer (Formicid Conjurer)        Turns: 1543, Time: 00:02:57

HP:   -9/28 (32)    AC:  2    Str: 12    XL:     4   Next: 0%
MP:   8/8           EV: 12    Int: 19    God:
Gold: 20            SH:  0    Dex: 12    Spells: 5/8 levels left

rFire   . . .      SeeInvis +   q - +0 falchion
rCold   . . .      Faith    .   (no shield)
rNeg    . . .      Spirit   .   a - +0 robe
rPois   .          Reflect  .   (helmet unavailable)
rElec   .          Harm     .   (no cloak)
rCorr   .          Rampage  .   (no gloves)
Will    .....                   (no boots)
Stlth   ++........              (no amulet)
HPRegen 0.09/turn               (no ring)
MPRegen 0.11/turn               (no ring)

@: heavily drained
A: permanent stasis, dig shafts and tunnels, antennae 3, four strong arms
a: Dig, Shaft Self


You were on level 6 of the Dungeon.
You visited 1 branch of the dungeon, and saw 4 of its levels.

You collected 20 gold pieces.

Inventory:

Hand Weapons
 h - a +0 dagger
 i - a +2 antimagic mace
 q - a +0 falchion (weapon)
Missiles
 g - 11 poisoned darts
 j - 11 stones
 n - 9 boomerangs
Armour
 a - a +0 robe (worn)
Magical Staves
 k - a staff of death
Scrolls
 e - a scroll of identify {unknown}
 f - a scroll of enchant weapon {unknown}
 m - a scroll of teleportation {unknown}
Potions
 b - a potion of magic
 c - a potion of berserk rage {unknown}
 d - 2 potions of heal wounds {unknown}
 l - a potion of attraction {unknown}
 o - a potion of flight {unknown}
 p - a potion of curing {unknown}


   Skills:
 * Level 1.4 Fighting
 * Level 1.4 Armour
 - Level 2.0 Dodging
 - Level 2.4 Stealth
 * Level 2.7 Spellcasting
 * Level 3.9 Conjurations


You had 5 spell levels left.
You knew the following spells:

 Your Spells              Type           Power      Damage    Failure   Level
a - Searing Ray           Conj           34%        2d5       4%          2
c - Magic Dart            Conj           68%        1d6       3%          1

Your spell library contained the following spells:

 Spells                   Type           Power      Damage    Failure   Level
 Dazzling Flash           Conj/Hex       20%        N/A       22%         3
 Fulminant Prism          Conj/Hex       5%         3d7       56%         4
 Iskenderun's Mystic Bla  Conj/Tloc      10%        2d4       56%         4


Dungeon Overview and Level Annotations

Branches:
Dungeon (6/15)
 Temple: D:4-7

Altars:


Innate Abilities, Weirdness & Mutations

You cannot be hasted, slowed, berserked, paralysed or teleported.
You can dig through walls and to a lower floor.
You have a pair of large antennae on your head. (SInv)
Your four strong arms can wield two-handed weapons with a shield.


Message History

You feel drained. The hound closely misses you.
What are your orders? t - Shout!
Orders for allies: a - Attack new target. r - Retreat! s - Stop attacking. g - Guard the area. f - Follow me.
Anything else - Cancel.
You shout for attention!
The hound bites you. The wight misses you. What are your orders? t - Shout!
Orders for allies: a - Attack new target. r - Retreat! s - Stop attacking. g - Guard the area. f - Follow me.
Anything else - Cancel.
You shout for attention!
The hound bites you. The wight closely misses you.
The hound closely misses you. What are your orders? t - Shout!
Orders for allies: a - Attack new target. r - Retreat! s - Stop attacking. g - Guard the area. f - Follow me.
Anything else - Cancel.
You shout for attention!
The hound misses you. The wight misses you. What are your orders? t - Shout!
Orders for allies: a - Attack new target. r - Retreat! s - Stop attacking. g - Guard the area. f - Follow me.
Anything else - Cancel.
You shout for attention!
The hound closely misses you. The wight hits you with a +3 scimitar!
You die...

#. ##### ##..#
##.###...## ###....
##.#.......## #......
#...........# .......
##............ .[.....
##............. ......z
#..............
......h###..............
.....zz@#...............
.....z##................
..... #................
.... #.................
#.. #....###......<....#
###...#### #.........###
..## #.......### #
##....#...# #######...#


You could see a hound and 4 wights.

Vanquished Creatures
  An adder (D:2)
  4 dart slugs
  An orc (D:3)
  3 ball pythons
  2 bats (D:1)
  3 endoplasms
  A giant cockroach (D:1)
  A goblin (D:1)
  3 quokkas
  2 frilled lizards
  4 kobolds (D:1)
  5 rats
30 creatures vanquished.

Notes
Turn   | Place    | Note
-------+----------+-------------------------------------------
     0 | D:1      | DildoBatman the Formicid Conjurer began the quest for the
                  | Orb.
     0 | D:1      | Reached XP level 1. HP: 13/13 MP: 3/3
    78 | D:1      | Reached XP level 2. HP: 3/20 MP: 1/5
   610 | D:1      | Reached skill level 1 in Fighting
   678 | D:1      | Reached skill level 1 in Armour
   678 | D:1      | Reached XP level 3. HP: 26/26 MP: 4/6
   994 | D:1      | Found a faded altar of an unknown god.
  1175 | D:1      | Learned a level 2 spell: Searing Ray
  1390 | D:2      | You fall into a shaft and drop 1 floor!
  1494 | D:3      | Reached XP level 4. HP: 32/32 MP: 5/8
  1496 | D:3      | You fall into a shaft and drop 3 floors!
  1534 | D:6      | Noticed a wight
  1534 | D:6      | Noticed a wight
  1534 | D:6      | Noticed a wight
  1534 | D:6      | Noticed a wight
  1541 | D:6      | HP: 1/28 [hound (2)]
  1543 | D:6      | Mangled by a wight

Illustrated notes

Levels and vault maps discovered:
D:1:      denvon_arrival_waterhouse, layout_basic,
          hellmonk_ecumenical_altar_inner_sanctum
D:2:      layout_loops_cross, minmay_fractal_squares_5, uniq_crazy_yiuf_cottage
D:3:      layout_basic, jmf_multi_god_temple, kennysheep_cross_room,
          st_stairs_11, minmay_checkerbox, uniq_robin
D:6:      layout_cave_pods, nicolae_ru_great_annihilating_truth,
          fedhas_bush_and_centaur_altar

Skill      XL: |  1  2 |
---------------+-------+-----
Dodging        | 2 |  2.0
Fighting       | 1 |  1.4
Armour         | 1 |  1.4
Stealth        | |  2.4
Spellcasting   | |  2.7
Conjurations   | |  3.9

Action                   |  1- 3 |  4- 6 || total
-------------------------+-------+-------++-------
Melee: Mace              |     9 |       ||     9
       Dagger            |     7 |       ||     7
       Punch             |     1 |       ||     1
       Falchion          |       |     2 ||     2
 Cast: Magic Dart        |    40 |       ||    40
       Searing Ray       |     4 |       ||     4
 Abil: Dig               |       |     1 ||     1
       Shaft Self        |       |     1 ||     1
 Stab: Sleeping          |     1 |       ||     1
Armor: Robe              |     8 |     1 ||     9
Dodge: Dodged            |    15 |    11 ||    26
